 Dungeon Crawl Stone Soup version 0.17.0-28-g6e173f8 (console) character file.

1516 Kloppie the Cleaver (level 8, 0/63 HPs)
             Began as a Centaur Fighter on Nov 22, 2015.
             Slain by Kloppie's ghost (18 damage)
             ... on level 6 of the Dungeon.
             The game lasted 00:12:33 (5819 turns).

Kloppie the Cleaver (Centaur Fighter)               Turns: 5819, Time: 00:12:34

Health: 0/63       AC:  9    Str: 24    XL:     8   Next: 53%
Magic:  8/8        EV:  5    Int:  7    God:
Gold:   296        SH:  9    Dex: 11    Spells: 0 memorised, 7 levels left

rFire  . . .     SeeInvis .     a - +1 war axe
rCold  . . .     Clarity  .     t - +0 scale mail
rNeg   . . .     SustAt   .     c - +0 shield
rPois  .         Gourm    .     G - +2 hat
rElec  .         Spirit   .     q - +0 cloak
rCorr  .         Warding  .     (no gloves)
rMut   .         Stasis   .     (no barding)
MR     .....                    (no amulet)
Stlth  ..........               (no ring)
                                (no ring)

@: mighty, very quick, not resistant to hostile enchantments, extremely
unstealthy
A: hooves 3, deformed body, speed 2, tough skin 3
a: no special abilities


You were on level 6 of the Dungeon.
You were not hungry.

You visited 1 branch of the dungeon, and saw 6 of its levels.
You also visited: Ossuary.

You collected 296 gold pieces.

Inventory:

Hand Weapons
 a - a +1 war axe (weapon)
 b - a +2 spear of pain
 z - a +0 blowgun
Missiles
 l - a curare-tipped needle
 A - 33 poisoned needles
Armour
 c - a +0 shield (worn)
 g - a +0 chain mail
 q - a +0 cloak (worn)
 t - a +0 scale mail (worn)
 y - a cursed +0 plate armour
 G - a +2 hat (worn)
Scrolls
 k - 2 scrolls of enchant armour {unknown}
 o - a scroll of teleportation
 u - a scroll of recharging
 w - a scroll of fear {unknown}
 C - a scroll of remove curse
Potions
 d - a potion of might
 f - 2 potions of lignification
 h - a potion of cancellation
 j - 7 potions of curing
 s - a potion of haste
 v - 2 potions of brilliance
 x - 3 potions of agility
 E - a potion of heal wounds {unknown}
 F - a potion of degeneration {unknown}
Books
 r - the Catalogue of Blistering Attacks
   (You found it on level 5 of the Dungeon)

   Spells                             Type                      Level
   a - Flame Tongue                   Conjuration/Fire             1
   b - Sticky Flame                   Conjuration/Fire             4
   c - Fireball                       Conjuration/Fire             5
   d - Iron Shot                      Conjuration/Earth            6
 B - a book of Conjurations

   Spells                             Type                      Level
   a - Magic Dart                     Conjuration                  1
   b - Searing Ray                    Conjuration                  2
   c - Dazzling Spray                 Conjuration/Hexes            3
   d - Fulminant Prism                Conjuration/Hexes            4
   e - Iskenderun's Mystic Blast      Conjuration                  4
   f - Iskenderun's Battlesphere      Conjuration/Charms           5
Comestibles
 e - 8 bread rations
 i - a slice of pizza
 n - 2 beef jerkies
 p - 2 meat rations


   Skills:
 - Level 3.0 Fighting
 + Level 10.0 Axes
 - Level 2.1 Armour
 - Level 2.1 Shields


You had 7 spell levels left.
You didn't know any spells.

Dungeon Overview and Level Annotations

Branches:
Dungeon (6/15)
 Temple: D:4-7

Altars:
Dithmenos
Fedhas
Kikubaaqudgha
Nemelex Xobeh
Okawaru
Qazlal
Ru

Annotations:
D:6 Kloppie's ghost, novice FoFi


Innate Abilities, Weirdness & Mutations

You have hooves in place of feet.
Armour fits poorly on your strangely shaped body.
You cover ground very quickly.
You have extremely tough skin (AC +3).


Message History

Kloppie's ghost hits you but does no damage.
You slash Kloppie's ghost! Your kick misses Kloppie's ghost.
Kloppie's ghost is lightly damaged.
Kloppie's ghost barely misses you.
Your shield and scale mail prevent you from hitting Kloppie's ghost.
You kick Kloppie's ghost, but do no damage.
Kloppie's ghost is lightly damaged.
Kloppie's ghost hits you.
You slash Kloppie's ghost! You kick Kloppie's ghost.
Kloppie's ghost is moderately damaged.
Kloppie's ghost hits you but does no damage.
You slice Kloppie's ghost!! You kick Kloppie's ghost.
Kloppie's ghost is severely damaged.
Kloppie's ghost hits you!!
* * * LOW HITPOINT WARNING * * *
You completely miss Kloppie's ghost.
You kick Kloppie's ghost, but do no damage.
Kloppie's ghost is severely damaged.
Kloppie's ghost hits you!!
You die...

#.#
#..##.#.
#.#
..[##.#.
#.### ###
##..##.#.
#...# ...
#..##.#.
###.# #.#
#..# #.#
#.# #.#
#.#
#.####.##
#..@Wa..#
######..#
#..# #..#
....
a...W
#####.#
.# .#


You could see a worker ant and Kloppie's ghost.

Vanquished Creatures
  Edmund (D:5)
  A sky beast (D:5)
  A phantom (D:6)
  An orc warrior (D:6)
  2 ogres
  2 elf zombies (Ossuary)
  The ghost of Potsanchik the Ducker, an amateur SpGl (D:3)
  2 scorpions
  A crimson imp (D:5)
  2 giant frog zombies
  2 hounds (D:5)
  4 orc wizards
  An orc priest (D:5)
  3 big kobold zombies (Ossuary)
  A hound skeleton (D:6)
  A hound zombie (Ossuary)
  3 mummies (Ossuary)
  Robin (D:2)
  5 adders
  3 gnolls (D:3)
  A shadow imp (D:4)
  An ooze (D:2)
  4 adder zombies (Ossuary)
  2 worms (D:3)
  3 giant geckos
  13 orcs
  3 giant cockroaches
  22 goblins
  11 hobgoblins
  5 jackals
  3 quokkas
  6 bats
  A giant gecko skeleton (D:5)
  A giant gecko zombie (D:5)
  A giant newt (D:2)
  3 goblin zombies (Ossuary)
  5 hobgoblin zombies (Ossuary)
  4 jackal zombies (Ossuary)
  11 kobolds
  4 kobold zombies (Ossuary)
  2 quokka zombies (Ossuary)
  6 rats
  4 rat zombies (Ossuary)
154 creatures vanquished.

Vanquished Creatures (others)
  2 scorpions (D:6)
  A wight (D:6)
3 creatures vanquished.

Grand Total: 157 creatures vanquished

Notes
Turn   | Place    | Note
--------------------------------------------------------------
     0 | D:1      | Kloppie the Centaur Fighter began the quest for the Orb.
     0 | D:1      | Reached XP level 1. HP: 19/19 MP: 1/1
   209 | D:1      | Reached XP level 2. HP: 26/26 MP: 2/2
   497 | D:2      | Reached XP level 3. HP: 29/31 MP: 3/3
   657 | D:2      | Noticed Robin
   854 | D:2      | Killed Robin
   952 | D:2      | Reached XP level 4. HP: 38/38 MP: 4/4
  1094 | D:2      | Reached skill level 4 in Axes
  1403 | D:3      | Reached XP level 5. HP: 23/45 MP: 5/5
  1482 | D:3      | Noticed Potsanchik's ghost (amateur SpGl)
  1756 | D:3      | Killed Potsanchik's ghost
  1756 | D:3      | Reached skill level 5 in Axes
  2280 | D:3      | Reached XP level 6. HP: 49/51 MP: 6/6
  2840 | D:4      | Reached skill level 6 in Axes
  2913 | D:4      | Found a stormy altar of Qazlal.
  2975 | D:4      | Found a sand-covered staircase.
  2986 | Ossuary  | Entered an ossuary
  3295 | Ossuary  | Reached skill level 7 in Axes
  3295 | Ossuary  | Reached XP level 7. HP: 22/57 MP: 7/7
  3786 | D:5      | Entered Level 5 of the Dungeon
  3869 | D:5      | Found a sparkling altar of Nemelex Xobeh.
  3946 | D:5      | Found a blossoming altar of Fedhas.
  4224 | D:5      | Identified the Catalogue of Blistering Attacks
  4319 | D:5      | Found an iron altar of Okawaru.
  4319 | D:5      | Found a sacrificial altar of Ru.
  4418 | D:5      | Found a sparkling altar of Nemelex Xobeh.
  4543 | D:5      | Reached skill level 8 in Axes
  4647 | D:5      | Found a shadowy altar of Dithmenos.
  4855 | D:5      | Noticed Edmund
  4908 | D:5      | Killed Edmund
  4908 | D:5      | Reached XP level 8. HP: 26/63 MP: 8/8
  5134 | D:5      | Reached skill level 9 in Axes
  5342 | D:6      | Found an ancient bone altar of Kikubaaqudgha.
  5804 | D:6      | Noticed Kloppie's ghost (novice FoFi)
  5810 | D:6      | Reached skill level 10 in Axes
  5819 | D:6      | Slain by Kloppie's ghost

Action                   |  1- 3 |  4- 6 |  7- 9 || total
-------------------------+-------+-------+-------++-------
Melee: War axe           |   101 |   227 |   169 ||   497
       Spear             |       |    57 |    26 ||    83
 Fire: Blowgun           |       |       |     4 ||     4
  Use: Potion            |       |     3 |     1 ||     4
       Scroll            |       |       |    11 ||    11
  Eat: Chunk             |       |     5 |     5 ||    10
       Fruit             |       |     2 |     2 ||     4
